 Dungeon Crawl Stone Soup version 0.28-a0-529-g3bad584f25 (webtiles) character file.

Game seed: 10548917549744118711

9740 speeev33 the Fighter (level 11, -5/74 HPs)
             Began as a Gargoyle Fighter on Sept 25, 2021.
             Was a Priest of Okawaru.
             Slain by a caustic shrike skeleton (17 damage)
             ... on level 3 of the Abyss.
             The game lasted 00:20:07 (12183 turns).

speeev33 the Fighter (Gargoyle Fighter)            Turns: 12183, Time: 00:20:07

Health: -5/74      AC: 26    Str: 23    XL:     11   Next: 51%
Magic:  11/11      EV:  6    Int:  9    God:    Okawaru [***...]
Gold:   661        SH: 15    Dex:  9    Spells: 10/10 levels left

rFire   . . .      SeeInvis +   w - +0 whip (venom)
rCold   . . .      Faith    .   c - +0 kite shield
rNeg    + . .      Spirit   .   u - +0 plate armour
rPois   ∞          Reflect  +   t - +1 helmet
rElec   +          Harm     .   (no cloak)
rCorr   .          Rampage  .   (no gloves)
Will    .....                   v - +0 pair of boots
Stlth   ..........              f - amulet of reflection
HPRegen 0.22/turn               x - ring of see invisible
MPRegen 0.12/turn               (no ring)

@: about to teleport
A: sickness immunity, AC +8, negative energy resistance 1, electricity
resistance, torment resistance 1, petrification resistance
a: Renounce Religion, Heroism


You were on level 3 of the Abyss.
You worshipped Okawaru.
Okawaru was most pleased with you.
You visited 2 branches of the dungeon, and saw 11 of its levels.
You visited the Abyss 1 time.

You collected 661 gold pieces.

Inventory:

Hand Weapons
 w - a +0 whip of venom (weapon)
Missiles
 a - 2 silver javelins (quivered)
 b - 2 throwing nets
Armour
 c - a +0 kite shield (worn)
 t - a +1 helmet (worn)
 u - a +0 plate armour (worn)
 v - a +0 pair of boots (worn)
 y - a +0 tower shield
Jewellery
 f - an amulet of reflection (around neck)
 x - a ring of see invisible (left hand)
Wands
 m - a wand of paralysis (6)
 z - a wand of acid (6)
Scrolls
 j - 3 scrolls of teleportation
 k - 4 scrolls of fog
 n - 3 scrolls of magic mapping
 o - 3 scrolls of amnesia
Potions
 d - a potion of resistance
 e - 2 potions of berserk rage
 g - 8 potions of curing
 h - 2 potions of flight
 i - 4 potions of mutation
 l - a potion of lignification {unknown}
 p - a potion of attraction {unknown}
 q - a potion of degeneration {unknown}
 r - a potion of heal wounds
 s - 3 potions of might
 A - 2 potions of haste
 B - a potion of brilliance {unknown}


   Skills:
 + Level 11.2 Fighting
 + Level 10.0 Maces & Flails
 - Level 9.6 Armour
 * Level 9.2 Shields


You had 10 spell levels left.
You didn't know any spells.
Your spell library contained the following spells:

 Spells                   Type           Power      Damage    Failure   Level
 Sting                    Tmut/Pois      0%         1d3       100%        1
 Corpse Rot               Necr/Air       N/A        N/A       100%        2
 Poisonous Vapours        Pois/Air       0%         N/A       100%        2
 Olgreb's Toxic Radiance  Pois           0%         N/A       100%        4


Dungeon Overview and Level Annotations

Branches:
Dungeon (10/15)            Temple (1/1) D:7            Lair (0/6) D:10
    Orc: D:9-12

Altars:
Ashenzari
Elyvilon
Gozag
Hepliaklqana
Makhleb
Okawaru
Qazlal
Ru
Uskayaw
Xom
The Shining One


Innate Abilities, Weirdness & Mutations

You are immune to sickness and miasma.
Your stone body is resilient. (AC +8)
You are immune to poison.
You resist negative energy. (rN+)
You are resistant to electric shocks. (rElec)
You are resistant to unholy torment.
You are immune to petrification.


Message History

Found 15 stones.
The Executioner gestures.
The Executioner seems to speed up.
The Executioner hits you but does no damage.
The Executioner barely misses you.
The Executioner hits you but does no damage.
You block the Executioner's attack.
The Executioner hits you but does no damage.
You block the Executioner's attack.
A caustic shrike skeleton comes into view.
The Executioner hits you. x3
The Executioner hits you but does no damage.
You block the Executioner's attack. x3
The Executioner hits you but does no damage. x5
You see here a scroll of magic mapping.
n - 3 scrolls of magic mapping (gained 1)
The Executioner hits you but does no damage. x2
You block the Executioner's attack. The Executioner hits you!
* * * LOW HITPOINT WARNING * * *
You block the Executioner's attack.
The Executioner hits you but does no damage.
The Executioner barely misses you.
The Executioner hits you but does no damage. x2
As you read the scroll of teleportation, it crumbles to dust.
You feel strangely unstable.
You feel the power of the Abyss delaying your translocation!
The Executioner hits you but does no damage.
You block the Executioner's attack. x2; The Executioner barely misses you.
The Executioner hits you but does no damage.
You block the Executioner's attack.
The large abomination hits you but does no damage.
The Executioner hits you.
* * * LOW HITPOINT WARNING * * *
The Executioner hits you.
* * * LOW HITPOINT WARNING * * *
The Executioner hits you but does no damage.
Found a potion of mutation.
The Executioner hits you but does no damage. x3
The caustic shrike skeleton claws you!
You die...

!.... .#..#
.#...#...#
.........#
#..#....##
#..#.....##
#...##....##
#...Z.#..#.##
#..@1......>#
#...#X...?.#
#.#.##.....#..#
#..........##....
##.........#.......
...............# ..
............#.(. ..
#.#(#...#.#...#...
#....#....#......


You could see an Executioner (fast), a large abomination and a caustic shrike
skeleton.

Vanquished Creatures
  A two-headed ogre (D:7)
  A wizard (D:10)
  A cyclops (D:9)
  A manticore (D:8)
  A kobold demonologist (D:7)
  A troll (D:9)
  A slime creature (D:9)
  12 yaks
  A shadow (D:10)
  2 steam dragons
  5 vampire mosquitoes
  An acid dragon (D:10)
  3 water moccasins
  5 orc warriors
  A sky beast (D:7)
  3 black bears
  A necrophage (D:5)
  2 ogres (D:6)
  An ice beast (D:7)
  A centaur (D:5)
  Blork the orc (D:4)
  5 bullfrogs
  A scorpion (D:5)
  A water moccasin zombie (D:6)
  A water moccasin skeleton (D:5)
  A howler monkey (D:10)
  8 killer bees
  11 wights
  An electric eel (D:10)
  3 centaur zombies
  5 hounds
  A centaur skeleton (D:4)
  7 orc priests
  A gnoll shaman (D:5)
  An iguana (D:2)
  A scorpion zombie (D:5)
  8 orc wizards
  A hound skeleton (D:4)
  A howler monkey zombie (D:9)
  4 gnolls (D:5)
  8 adders
  2 shadow imps
  2 white imps
  An ufetubus (D:7)
  An adder skeleton (D:2)
  3 dart slugs (D:2)
  34 orcs
  4 ball pythons
  7 bats
  4 endoplasms
  4 giant cockroaches
  7 goblins
  8 hobgoblins
  5 kobolds
  4 quokkas
  3 frilled lizards
  10 rats
215 creatures vanquished.

Vanquished Creatures (others)
  A wizard (D:10)
  A kobold (D:4)
  50 fungi (D:10)
  31 plants (D:10)
83 creatures vanquished.

Grand Total: 298 creatures vanquished

Notes
Turn   | Place    | Note
-------+----------+-------------------------------------------
     0 | D:1      | speeev33 the Gargoyle Fighter began the quest for the Orb.
     0 | D:1      | Reached XP level 1. HP: 14/14 MP: 1/1
   157 | D:1      | Reached XP level 2. HP: 19/19 MP: 2/2
   402 | D:1      | Reached XP level 3. HP: 20/23 MP: 3/3
  1153 | D:2      | Reached XP level 4. HP: 14/29 MP: 4/4
  1381 | D:2      | Reached skill level 4 in Fighting
  1462 | D:2      | Reached XP level 5. HP: 15/33 MP: 5/5
  1856 | D:2      | Found a faded altar of an unknown god.
  2180 | D:3      | Found an opulent altar of Gozag.
  2609 | D:3      | Noticed a black bear
  2630 | D:3      | Killed a black bear
  2631 | D:3      | Reached XP level 6. HP: 21/40 MP: 6/6
  3201 | D:4      | Reached skill level 5 in Fighting
  3201 | D:4      | Reached skill level 5 in Armour
  3418 | D:4      | Found a burning altar of Makhleb.
  3430 | D:4      | Found a hazy altar of Hepliaklqana.
  3650 | D:4      | Noticed Blork the orc
  3664 | D:4      | Killed Blork the orc
  3665 | D:4      | Reached XP level 7. HP: 32/44 MP: 7/7
  3801 | D:4      | Found a sacrificial altar of Ru.
  4151 | D:5      | Entered Level 5 of the Dungeon
  4537 | D:5      | Found a hide-covered altar of Uskayaw.
  4866 | D:5      | Reached skill level 6 in Fighting
  4866 | D:5      | Reached skill level 5 in Maces & Flails
  4920 | D:5      | Noticed a vampire mosquito
  4920 | D:5      | Noticed a vampire mosquito
  4921 | D:5      | Noticed a vampire mosquito
  4949 | D:5      | Killed a vampire mosquito
  4950 | D:5      | Reached XP level 8. HP: 30/52 MP: 8/8
  5398 | D:5      | Reached skill level 7 in Fighting
  6367 | D:6      | Reached XP level 9. HP: 49/57 MP: 9/9
  6774 | D:7      | Reached skill level 8 in Fighting
  6998 | D:7      | Noticed a kobold demonologist
  6998 | D:7      | Noticed a two-headed ogre
  7045 | D:7      | Killed a two-headed ogre
  7074 | D:7      | Killed a kobold demonologist
  7075 | D:7      | Reached skill level 9 in Fighting
  7439 | D:7      | Reached XP level 10. HP: 46/66 MP: 10/10
  8021 | D:7      | Found a staircase to the Ecumenical Temple.
  8028 | Temple   | Entered the Ecumenical Temple
  8036 | Temple   | Became a worshipper of Warmaster Okawaru
  8315 | D:8      | Noticed a manticore
  8336 | D:8      | Killed a manticore
  8571 | D:8      | Identified the +1 ring mail of Geploneph {-Cast rElec
                  | Str+4}
  8903 | D:8      | Reached skill level 5 in Shields
  8914 | D:8      | Found a shimmering altar of Xom.
  9428 | D:9      | Reached * piety under Okawaru
  9429 | D:9      | Reached skill level 10 in Fighting
  9504 | D:9      | Reached ** piety under Okawaru
 10756 | D:9      | Noticed a cyclops
 10770 | D:9      | Killed a cyclops
 10771 | D:9      | Reached XP level 11. HP: 73/73 MP: 11/11
 11463 | D:10     | Entered Level 10 of the Dungeon
 11620 | D:10     | Reached *** piety under Okawaru
 11674 | D:10     | Reached skill level 11 in Fighting
 11826 | D:10     | Found a staircase to the Lair.
 11916 | D:10     | Noticed a wizard
 11941 | D:10     | Killed a wizard
 11942 | D:10     | Reached skill level 10 in Maces & Flails
 11964 | D:10     | Noticed a wizard
 11969 | D:10     | Killed a wizard
 12129 | D:10     | Noticed a wizard
 12130 | D:10     | Noticed a wizard
 12134 | D:10     | Cast into level 2 of the Abyss (a wizard)
 12175 | Abyss:3  | Noticed a large abomination
 12176 | Abyss:3  | Noticed an Executioner
 12183 | Abyss:3  | Slain by a caustic shrike skeleton

Illustrated notes

Levels and vault maps discovered:
D:1:      sevenhm_arrival_forest_fort_large_2, layout_rooms,
          minmay_tree_intersection
D:2:      layout_basic, shapermc_ecumenical_altar_ellora
D:3:      layout_rooms, mainiacjoe_overflow_paths
D:4:      layout_gridville, general_overflow_altar,
          mainiacjoe_overflow_catch_the_wave, uniq_blork_the_orc
D:5:      layout_basic, nicolae_overflow_crystal_walls
D:6:      layout_basic
D:7:      kennysheep_big_flooded_room, layout_loops_ring,
          minmay_temple_entry_mini_moons, kennysheep_generic_room_15
D:8:      layout_basic, xom_butterflies
D:9:      layout_roguey
D:10:     minmay_smoke_and_mirrors, layout_layer_cave,
          due_lair_maze_entry_diamond, chequers_big_river, nrook_campfire
Temple:   compressed_dpeg_circular_temple
Abyss:3:  base: Temple, hangedman_relentless_pull,
          dshaligram_kb_abyss_rune_zappy_water_cross

Skill      XL: |  1  2  3  4  5  6  7  8  9 10 11 |
---------------+----------------------------------+-----
Shields        | 4 7 9 |  9.2
Fighting       | 4 5 6 7 9 10 11 | 11.2
Maces & Flails | 3 4 5 6 8 9 10 | 10.0
Armour         | 4 5 6 7 9 |  9.6

Action                   |  1- 3 |  4- 6 |  7- 9 | 10-12 || total
-------------------------+-------+-------+-------+-------++-------
Melee: Flail             |   102 |   223 |   195 |       ||   520
       Whip              |       |       |   178 |   764 ||   942
Invok: Heroism           |       |       |       |     1 ||     1
Evoke: Wand              |       |       |       |     5 ||     5
  Use: Scroll            |     3 |     9 |     4 |     2 ||    18
       Potion            |       |     1 |       |     2 ||     3
 Stab: Paralysed         |       |       |       |     8 ||     8
Armor: Scale mail        |    56 |   150 |    11 |       ||   217
       Chain mail        |       |       |   103 |       ||   103
       Plate armour      |       |       |    50 |   284 ||   334
Dodge: Dodged            |    49 |   103 |    89 |    82 ||   323
Block: Buckler           |    43 |   159 |   182 |   177 ||   561
       Reflection        |     1 |     4 |     3 |       ||     8
       Tower shield      |       |       |       |   180 ||   180
       Kite shield       |       |       |       |    27 ||    27

Table legend: (Time is in decaauts)
 A = Elapsed time spent in this place.
 B = Non-inter-level travel time spent in this place.
 C = Inter-level travel time spent in this place.
 D = Time resting spent in this place.
 E = Time spent auto-exploring this place.
 F = Levels seen in this place.
 G = Mean time per level.
                   A        B        C        D        E       F      G
               +--------+--------+--------+--------+--------+-----+--------+
         Total |  12063 |  11757 |    306 |   3778 |   4909 |  13 |  927.9 |
       Dungeon |  12006 |  11705 |    301 |   3769 |   4906 |  10 | 1200.6 |
        Temple |     14 |      9 |      5 |      0 |      3 |   1 |   14.0 |
         Abyss |     41 |     41 |      0 |      9 |      0 |   2 |   20.5 |
               +--------+--------+--------+--------+--------+-----+--------+

Top non-repeatable levels by time:
     D:9: 1637 daAuts
     D:8: 1478 daAuts
     D:5: 1401 daAuts
     D:6: 1400 daAuts
     D:2: 1182 daAuts
     D:7: 1156 daAuts
     D:4: 1107 daAuts
     D:1: 997 daAuts
     D:3: 984 daAuts
    D:10: 661 daAuts
 Abyss:2: 25 daAuts
 Abyss:3: 16 daAuts
  Temple: 14 daAuts
